[Event "*** Titled Tuesday Blitz"]
[Site "Chess.com"]
[Date "2021.03.09"]
[Round "4"]
[White "Kotofeyca"]
[Black "FlySooHigh"]
[Result "0-1"]
[WhiteElo "2369"]
[BlackElo "2680"]
[TimeControl "180+1"]
[EndTime "10:41:18 PST"]
[Termination "FlySooHigh won on time"]

1. d4 Nf6 2. c4 c5 3. Nf3 cxd4 4. Nxd4 b6 5. Nc3 Bb7 6. f3 e6 7. e4 d6 8. Be3 a6 9. Be2 Be7 10. O-O Nbd7 11. Qd2 O-O 12. g4 h6 13. h4 Nh7 14.
h5 Rc8 15. Rac1 Bg5 16. f4 Be7 17. b3 e5 18. Nf5 exf4 19. Bxf4 Ne5 20. Rcd1 Ng5 21.
Nxd6 Nh3+ 22. Kh2 Nxf4 23. Nxb7 Qxd2 24. Rxd2 Bg5 25. Nd6 Rcd8 26. Rdd1 Nxe2 27. Nxe2 Nxg4+ 28. Kg3 Ne3 29. e5 f6 0-1

[Event "*** Titled Tuesday Blitz"]
[Site "Chess.com"]
[Date "2021.03.09"]
[Round "4"]
[White "Balla_Tamas"]
[Black "mbojan"]
[Result "0-1"]
[WhiteElo "2475"]
[BlackElo "2628"]
[TimeControl "180+1"]
[EndTime "10:41:19 PST"]
[Termination "mbojan won by resignation"]

1. d4 g6 2. e4 Bg7 3. Nc3 d6 4. f4 a6 5. Nf3 b5 6. Bd3 Nd7 7. e5 c5 8. exd6 exd6 9. Ne4 Ndf6 10.
dxc5 dxc5 11. Nxc5 Ne7 12. Ne4 O-O 13. O-O Qb6+ 14.
Kh1 Ng4 15. Qe2 Nf5 16. Ne5 Nxe5 17. fxe5 Bxe5 18. Bg5 Bxb2 19. Rab1 Bg7 20. a4 Bd7 21. axb5 axb5 22. Bxb5 Nd4 23. Bxd7 Qxb1 24. Qd3 Qxc2 25. Qxc2 Nxc2 26. Nf6+ Kh8 27. Bc6 Ra1 28. Rxa1 Nxa1 29. h4 h5 30. Nd7 Rc8 31. Bd5 Kg8 32. Nf6+ Bxf6 33. Bxf6 Nc2 34. Kh2 Ne3 35. Bf3 Ng4+ 36.
Bxg4 hxg4 37. Kg3 Rc4 38. Bg5 f5 39. Bf4 Kf7 0-1

[Event "*** Titled Tuesday Blitz"]
[Site "Chess.com"]
[Date "2021.03.09"]
[Round "4"]
[White "Trankuilizer"]
[Black "Elshan1985"]
[Result "0-1"]
[WhiteElo "2581"]
[BlackElo "2884"]
[TimeControl "180+1"]
[EndTime "10:41:22 PST"]
[Termination "Elshan1985 won by resignation"]

1. e4 e6 2. d4 d5 3. Nd2 c5 4. exd5 Qxd5 5. Ngf3 cxd4 6. Bc4 Qd8 7. O-O Nc6 8. Nb3 a6 9. Nbxd4 Nxd4 10. Nxd4 Qc7 11. Bb3 Bd6 12. Kh1 Ne7 13. Qf3 Bd7 14. Bg5 Ng6 15.
Rad1 h6 16. Bc1 O-O 17. c3 Rad8 18. Bc2 Ne5 19. Qh5 f5 20. Rde1 Rf6 21. Bb3 Nc4 22.
Qe2 b5 23. a4 e5 24. axb5 axb5 25. Nf3 Be6 26. Rd1 Bf7 27. h3 Re8 28. Rfe1 Bc5 29. Nd2 Bb6 30. Nf1 f4 31. Qf3 Nd6 32. Bxf7+ Qxf7 33. Qc6 Bxf2 34. Re2 Nf5 35. Qxb5 Bb6 36. Rxe5 Rxe5 37.
Qxe5 Qh5 38. Rd3 Ng3+ 0-1

[Event "*** Titled Tuesday Blitz"]
[Site "Chess.com"]
[Date "2021.03.09"]
[Round "4"]
[White "Kale36"]
[Black "Artem_Sadovsky"]
[Result "0-1"]
[WhiteElo "2320"]
[BlackElo "2582"]
[TimeControl "180+1"]
[EndTime "10:41:22 PST"]
[Termination "Artem_Sadovsky won on time"]

1. d4 g6 2. Nc3 Bg7 3. Bf4 d6 4. e4 e5 5. dxe5 dxe5 6. Qxd8+ Kxd8 7. O-O-O+ Nd7 8. Bg5+ f6 9. Be3 Bh6 10. Bxh6 Nxh6 11. f3 c6 12. Bc4 Ke7 13. h4 b5 14.
Bb3 a5 15. a4 b4 16. Nb1 Nc5 17.
Nd2 Nf7 18. Bxf7 Kxf7 19. b3 Be6 20. Ne2 Rhd8 21. Nb1 Nxb3+ 22. cxb3 Bxb3 23. Rxd8 Rxd8 24. Nd2 Bxa4 25. Nc4 Bb5 26. Nxa5 Bxe2 27. Nxc6 Rc8 28. Kd2 Rxc6 29. Kxe2 Rc2+ 30. Ke3 b3 31. Rb1 b2 32. g4 Rh2 33. h5 gxh5 34. gxh5 Kg7 35. f4 Kh6 36.
fxe5 fxe5 37. Kd3 Kxh5 38. Kc4 Rd2 39. Kc3 Rg2 40. Kc4 Kg5 41. Kd5 h5 42. Kxe5 h4 43. Kd6 h3 44. e5 h2 45. e6 Rg1 46. e7 Rxb1 47. e8=Q Rd1+ 48. Kc7 b1=Q 49. Qe5+ Qf5 50. Qg3+ Qg4 51. Qe5+ Kh4 52. Qxh2+ Kg5 53. Qe5+ Kg6 54. Qe8+ Kf5 55. Qf7+ Ke4 56. Qc4+ Kf3 57. Qf7+ Kg2 0-1

[Event "*** Titled Tuesday Blitz"]
[Site "Chess.com"]
[Date "2021.03.09"]
[Round "4"]
[White "Fraler15"]
[Black "Alexandr_Kholin"]
[Result "0-1"]
[WhiteElo "2271"]
[BlackElo "2455"]
[TimeControl "180+1"]
[EndTime "10:41:22 PST"]
[Termination "Alexandr_Kholin won by checkmate"]

1. e4 c6 2. d4 d5 3. f3 e6 4. Nc3 Bb4 5. Bd3 dxe4 6. Bxe4 Nf6 7. Bg5 Qa5 8. Ne2 Bxc3+ 9. Nxc3 Qxg5 10. O-O O-O 11. Bd3 Nbd7 12. Ne4 Nxe4 13. Bxe4 Nf6 14.
Bd3 e5 15. dxe5 Qxe5 16. Re1 Qxb2 17. Rb1 Qxa2 18. Qe2 a5 19. Bc4 Qa3 20. Rb3 Qc5+ 21. Kh1 b5 22. Bd3 Be6 23. Rbb1 a4 24. f4 a3 25. Ra1 a2 26. h3 Bd5 27. Kh2 Qd4 28.
Qd2 g6 29. c3 Qc5 30. f5 Qd6+ 31. Kh1 Rfe8 32. fxg6 hxg6 33. Rf1 Qg3 34. Rxf6 Re3 35. Bxb5 Rae8 36. c4 Qxh3+ 37. Kg1 Bxg2 38. Kf2 Qh4+ 39. Kg1 Qxf6 40. Qxg2 Qxa1+ 41. Kh2 Re2 42. c5 Rxg2+ 43. Kxg2 cxb5 44. c6 Qb2+ 45. Kg3 a1=Q 46. Kg4 Qg1+ 47. Kf4 Qe5+ 48. Kf3 Qee3# 0-1

[Event "*** Titled Tuesday Blitz"]
[Site "Chess.com"]
[Date "2021.03.09"]
[Round "4"]
[White "ViktoriyaTarasova"]
[Black "Leonid_Starozhilov"]
[Result "0-1"]
[WhiteElo "2325"]
[BlackElo "2696"]
[TimeControl "180+1"]
[EndTime "10:41:23 PST"]
[Termination "Leonid_Starozhilov won on time"]

1. d4 g6 2. c4 d6 3. e4 Bg7 4. Nc3 Nc6 5. Nge2 Nf6 6. d5 Ne5 7. f4 Ned7 8. g3 c6 9. Bg2 O-O 10. Be3 Ng4 11. Bd4 cxd5 12. cxd5 Bxd4 13. Qxd4 Qb6 14.
Qxb6 Nxb6 15. Bf3 Bd7 16. Bxg4 Bxg4 17. b3 Rac8 18. Kd2 Bxe2 19. Nxe2 f5 20. Ke3 fxe4 21.
Kxe4 Rc5 22. Rhd1 Nd7 23. Rac1 Nf6+ 24. Kf3 Rfc8 25. Rxc5 Rxc5 26. b4 Rc2 27. a4 Kf7 28. b5 Rc4 29. a5 Rc5 30. b6 Rxa5 31. bxa7 Rxa7 32. g4 Ra3+ 33. Kg2 Nxg4 34. Rb1 Ne3+ 35.
Kf2 Nxd5 36. Rxb7 Ra2 37. Ke1 Ra1+ 0-1

[Event "*** Titled Tuesday Blitz"]
[Site "Chess.com"]
[Date "2021.03.09"]
[Round "4"]
[White "Atco84"]
[Black "IECS12"]
[Result "1-0"]
[WhiteElo "2437"]
[BlackElo "2232"]
[TimeControl "180+1"]
[EndTime "10:41:23 PST"]
[Termination "Atco84 won on time"]

1. d4 Nf6 2. c4 e6 3. g3 Bb4+ 4. Bd2 Bxd2+ 5. Qxd2 O-O 6. Bg2 d5 7. cxd5 exd5 8. Nc3 c6 9. Nf3 Bg4 10. h3 Bxf3 11. Bxf3 Nbd7 12. O-O Re8 13. Qc2 Qb6 14. Rad1 g6 15. e3 Re7 16. a3 h5 17. Kg2 Rae8 18.
b4 Ne4 19. Bxe4 dxe4 20. d5 Nf6 21. Na4 Qb5 22. dxc6 bxc6 23. Rd6 Re6 24. Rfd1 Nd5 25. Rxe6 Rxe6 26. Nc5 Re7 27. Nxe4 a5 28. Nd6 Qa6 29. b5 Nxe3+ 30. fxe3 cxb5 31. e4 b4 32. axb4 axb4 33. Qd3 Qa2+ 34. Rd2 Qe6 35. Qd5 Qf6 36. Rf2 1-0

[Event "*** Titled Tuesday Blitz"]
[Site "Chess.com"]
[Date "2021.03.09"]
[Round "4"]
[White "SergeyShtyka"]
[Black "jd001"]
[Result "1-0"]
[WhiteElo "2433"]
[BlackElo "2236"]
[TimeControl "180+1"]
[EndTime "10:41:23 PST"]
[Termination "SergeyShtyka won by resignation"]

1. e4 e6 2. Nf3 d5 3. e5 c5 4.
b4 c4 5. c3 a5 6. b5 a4 7. d3 cxd3 8. Bxd3 Bd7 9. O-O Qa5 10.
Qe2 Ne7 11. Bd2 Qb6 12. Be3 Qa5 13. c4 dxc4 14. Bxc4 Nf5 15. Bd2 Bb4 16. Bxb4 Qxb4 17. Nbd2 O-O 18. Rab1 Qe7 19. Ne4 Rd8 20. Rfd1 Be8 21.
h3 Nd7 22. Nd6 Nb6 23. Nxf5 exf5 24. Bd3 g6 25. Qe3 Nd5 26. Qh6 Nc3 27. Ng5 f6 28.
exf6 Qc7 29. f7+ Qxf7 30. Nxf7 Bxf7 31. Bc2 Nxd1 32. Rxd1 Rxd1+ 33. Bxd1 Bxa2 34. Bf3 a3 35. Bxb7 Rb8 36. Qd2 Bf7 37. Bd5 1-0

[Event "*** Titled Tuesday Blitz"]
[Site "Chess.com"]
[Date "2021.03.09"]
[Round "4"]
[White "thechesscorner64"]
[Black "tgpgoat"]
[Result "0-1"]
[WhiteElo "2375"]
[BlackElo "2173"]
[TimeControl "180+1"]
[EndTime "10:41:23 PST"]
[Termination "tgpgoat won by checkmate"]

1. e4 c5 2. Nf3 Nc6 3. Bb5 g6 4. O-O Bg7 5. c3 e5 6. d4 cxd4 7. cxd4 Nxd4 8. Nxd4 exd4 9. Bf4 a6 10. Bc4 d6 11.
Nd2 Ne7 12. Nf3 Nc6 13. Qb3 O-O 14. Ng5 Qe7 15. Bd5 Ne5 16. Rfe1 h6 17. Nf3 Nxf3+ 18.
Qxf3 Be6 19. Qg3 Rfd8 20. h4 Bxd5 21. exd5 Qf6 22. Rac1 Qf5 23. Qf3 Rac8 24. Rxc8 Rxc8 25. Bxd6 Qxf3 26. gxf3 Rd8 27. Ba3 Rxd5 28. Re8+ Kh7 29. Re7 d3 30. Re1 b5 31. Rd1 a5 32. Be7 Bxb2 33.
Kf1 Bc3 34. f4 b4 35. Kg2 a4 36. Kf3 d2 37. Ke4 Rd7 38. Bc5 f5+ 39. Ke3 Kg7 40.
h5 g5 41. fxg5 hxg5 42. f3 f4+ 43. Ke4 a3 44. Kf5 Rd5+ 45. Ke6 Rxc5 46. h6+ Kxh6 47. Kf7 g4 48. fxg4 Kg5 49. Rh1 Rd5 50. Ke6 d1=Q 51. Rh5+ Kxg4 52. Rxd5 Qxd5+ 53. Kxd5 f3 54. Kc4 f2 55.
Kb3 f1=Q 56. Kc2 Qe2+ 57. Kb3 Qb2+ 58. Ka4 Qxa2 59. Kb5 b3 60. Kc4 b2+ 61. Kb5 b1=Q+ 62. Ka6 Qab3 63. Ka7 Qa4# 0-1

[Event "*** Titled Tuesday Blitz"]
[Site "Chess.com"]
[Date "2021.03.09"]
[Round "4"]
[White "Eloist"]
[Black "SkippingLaptop"]
[Result "1-0"]
[WhiteElo "2318"]
[BlackElo "2088"]
[TimeControl "180+1"]
[EndTime "10:41:24 PST"]
[Termination "Eloist won by resignation"]

1. e4 e6 2. d4 d5 3. Nc3 Bb4 4. Bd3 Nf6 5. e5 Nfd7 6. Qg4 Kf8 7. Bg5 f6 8. exf6 Nxf6 9. Qh4 Nc6 10. Nf3 Kg8 11.
O-O h6 12. Bd2 Ne7 13. a3 Bxc3 14. bxc3 Nf5 15. Qh3 g5 16. Ne5 Qe8 17. Rae1 Qh5 18. Qxh5 Nxh5 19. g4 Nhg7 20. gxf5 Nxf5 21. Bxf5 exf5 22. Ng6 Rh7 23. Ne7+ Kf8 24. Nxd5 b6 25. c4 a5 26. Re5 Rf7 27. Rfe1 Kg7 28. Re7 Bb7 29.
Rxf7+ Kxf7 30. Re7+ Kg6 31. Rxc7 Bxd5 32. cxd5 Rd8 33.
c4 b5 34. Rc6+ Kh5 35. Bxa5 bxc4 36. Bxd8 1-0

[Event "*** Titled Tuesday Blitz"]
[Site "Chess.com"]
[Date "2021.03.09"]
[Round "4"]
[White "enriquetejedor"]
[Black "GregShahade"]
[Result "0-1"]
[WhiteElo "2536"]
[BlackElo "2750"]
[TimeControl "180+1"]
[EndTime "10:41:25 PST"]
[Termination "GregShahade won on time"]

1. e4 e5 2. Nf3 Nc6 3. d4 exd4 4. Bc4 Nf6 5. O-O Nxe4 6. Re1 d5 7. Bxd5 Qxd5 8.
Nc3 Qh5 9. Nxe4 Be6 10. Bg5 Bd6 11. Nxd6+ cxd6 12. Bf4 Qd5 13. c3 Qf5 14. Bxd6 O-O-O 15. Nxd4 Rxd6 16. Nxf5 Rxd1 17. Raxd1 Bxf5 18. b4 Be6 19. a4 Rd8 20. a5 Rxd1 21. Rxd1 Ne5 22. f3 Kc7 23. Kf2 a6 24. h3 Nc4 25. Rd4 Nd6 26.
Rh4 h6 27. Ke2 Nf5 28. Rf4 g5 29. Rg4 f6 30. Kf2 Bd5 31. h4 h5 32. hxg5 hxg4 33. fxg4 Ne7 34. gxf6 Ng6 35. g3 Kd6 36. Ke3 Ke5 37. g5 Bc4 38. Kf3 Kf5 39. Ke3 Kxg5 40. Kd4 Bf7 41. c4 Kxf6 42. b5 Ne5 43. bxa6 bxa6 44.
c5 Nc6+ 45. Kc3 Nxa5 46. Kb4 Nc6+ 47. Ka4 Bc4 48. Ka3 Kg5 49. Kb2 Kg4 50. Kc3 Bb5 0-1

[Event "*** Titled Tuesday Blitz"]
[Site "Chess.com"]
[Date "2021.03.09"]
[Round "4"]
[White "DrCeltic"]
[Black "GM_Huschenbeth"]
[Result "0-1"]
[WhiteElo "2479"]
[BlackElo "2637"]
[TimeControl "180+1"]
[EndTime "10:41:25 PST"]
[Termination "GM_Huschenbeth won by resignation"]

1. e4 c5 2. Nf3 d6 3. d4 cxd4 4. Nxd4 Nf6 5. Nc3 a6 6. Be3 e5 7.
Nf3 Be7 8. Bc4 O-O 9. O-O Be6 10.
Bxe6 fxe6 11. Na4 Nbd7 12. Ng5 Qa5 13. c4 Rfc8 14. Nxe6 Rxc4 15. Nc3 h6 16. Qb3 Rb4 17. Qc2 Rc8 18. f4 Nxe4 19. a3 Rbc4 20. Qb3 Nxc3 21. bxc3 Qxc3 22. Qxc3 Rxc3 23. Bd2 Rc2 24. Bb4 Kf7 25.
f5 Re2 26. Rad1 Rcc2 27. Rfe1 Rxg2+ 28. Kh1 Rxh2+ 29. Kg1 Rcg2+ 30. Kf1 Rf2+ 31. Kg1 Rhg2+ 32. Kh1 Rg4 33. Bxd6 Rxf5 34. Bxe7 Rh5+ 0-1

[Event "*** Titled Tuesday Blitz"]
[Site "Chess.com"]
[Date "2021.03.09"]
[Round "4"]
[White "gatocorbis"]
[Black "kuhlmann"]
[Result "0-1"]
[WhiteElo "2106"]
[BlackElo "2404"]
[TimeControl "180+1"]
[EndTime "10:41:25 PST"]
[Termination "kuhlmann won on time"]

1. e4 a5 2. Nf3 g6 3. d4 Bg7 4. Nc3 d6 5. Be3 Nd7 6. h3 e5 7.
Qd2 Ngf6 8. Be2 O-O 9. O-O-O exd4 10. Nxd4 Re8 11. f3 c6 12. Bh6 Nc5 13. Nf5 gxf5 14. Qg5 Ne6 15. Qg3 f4 16. Qh4 Bxh6 17. Qxh6 Qe7 18.
g4 Nd7 19. g5 Qf8 20. Qh5 Qg7 21. Rxd6 Ne5 22. Qh4 Kh8 23. Rhd1 Qxg5 24. Qf2 Rg8 25.
Qb6 Ng6 26. e5 Qxe5 27. Ne4 f5 28. Nc3 Qe3+ 29. Kb1 Qxb6 0-1

[Event "*** Titled Tuesday Blitz"]
[Site "Chess.com"]
[Date "2021.03.09"]
[Round "4"]
[White "dolynachess"]
[Black "Geller_Jakov"]
[Result "0-1"]
[WhiteElo "2426"]
[BlackElo "2618"]
[TimeControl "180+1"]
[EndTime "10:41:26 PST"]
[Termination "Geller_Jakov won on time"]

1. d4 d5 2. c4 e6 3. g3 dxc4 4. Bg2 c6 5. Nf3 b5 6. O-O Bb7 7. Nc3 Nf6 8. e4 Nbd7 9. e5 Nd5 10. Ng5 Be7 11. Qh5 g6 12. Qh6 Bf8 13. Qh3 h5 14. Re1 Be7 15. Nce4 Qb6 16. Nd6+ Bxd6 17. exd6 Nf8 18. Nxe6 fxe6 19. Rxe6+ Kf7 20. Bxd5 cxd5 21.
Re7+ Kg8 22. Bf4 Rh7 23. Rae1 Rd8 24. Qh4 Rxd6 25. Rxh7 Nxh7 26. Re8+ Nf8 27. Qe7 Rf6 28.
Bh6 Qxd4 0-1

[Event "*** Titled Tuesday Blitz"]
[Site "Chess.com"]
[Date "2021.03.09"]
[Round "4"]
[White "J36225"]
[Black "Korchmar_Vasiliy"]
[Result "1/2-1/2"]
[WhiteElo "2497"]
[BlackElo "2641"]
[TimeControl "180+1"]
[EndTime "10:41:28 PST"]
[Termination "Game drawn by repetition"]

1. e4 c5 2. Nf3 d6 3. Bb5+ Bd7 4. Bxd7+ Qxd7 5. c4 Nc6 6. d4 cxd4 7. Nxd4 Nf6 8. Nc3 g6 9. f3 Bg7 10. Be3 O-O 11. b3 a6 12. Rc1 Nxd4 13. Bxd4 b5 14. O-O bxc4 15. bxc4 Rfc8 16. Qd3 Qe6 17. Nd5 Nd7 18. Bxg7 Kxg7 19. Qd4+ f6 20. Rb1 Rab8 21. Rxb8 Rxb8 22. Qa7 Rb2 23. Qxa6 Ne5 24. Qa7 Kf7 25. Qa8 Nxc4 26. Qh8 Qe5 27. Qxh7+ Ke8 28. Qxg6+ Kd8 29. Qg8+ Kd7 30.
Nxf6+ Qxf6 31. Qxc4 Qg5 32. Qa4+ Ke6 33. Qc4+ Kd7 34.
Qa4+ Kc7 35. Qa7+ Kd8 36. Qa8+ Kc7 37. Qa7+ Kc6 38. Qa6+ Kc7 39. Qa7+ 1/2-1/2

[Event "*** Titled Tuesday Blitz"]
[Site "Chess.com"]
[Date "2021.03.09"]
[Round "4"]
[White "Aemulus20"]
[Black "MFBerna"]
[Result "1/2-1/2"]
[WhiteElo "2554"]
[BlackElo "2376"]
[TimeControl "180+1"]
[EndTime "10:41:28 PST"]
[Termination "Game drawn by repetition"]

1. e4 c5 2. Nf3 Nc6 3. d4 cxd4 4. Nxd4 e6 5. Nb5 d6 6. Bf4 e5 7. Be3 a6 8. N5c3 Nf6 9. Bg5 Be7 10. Nd2 h6 11.
Bxf6 Bxf6 12. Nc4 Be7 13. a4 Be6 14. Ne3 O-O 15. Ncd5 Bg5 16. c3 Rc8 17. g3 Ne7 18.
Bg2 Nxd5 19. Nxd5 f5 20. exf5 Rxf5 21. Bh3 Rc5 22. Bxf5 Bxf5 23. O-O Be6 24. Ne3 Qb6 25. Qh5 Bf7 26. Qe2 Bxe3 27. Qxe3 Qxb2 28. Rab1 Qxc3 29. Rxb7 Qxe3 30. fxe3 Bg6 31. Rb6 Be4 32. Rxd6 Rc2 33. Rfd1 Rg2+ 34. Kf1 Rxh2 35. R1d2 Rh1+ 36. Kf2 Rh2+ 37.
Ke1 Rh1+ 38. Ke2 Rh2+ 39. Kf1 Rh1+ 40. Kf2 Rh2+ 41. Kg1 Rh1+ 42. Kf2 1/2-1/2

[Event "*** Titled Tuesday Blitz"]
[Site "Chess.com"]
[Date "2021.03.09"]
[Round "4"]
[White "Sibelephant"]
[Black "dretch"]
[Result "1-0"]
[WhiteElo "3089"]
[BlackElo "2843"]
[TimeControl "180+1"]
[EndTime "10:41:29 PST"]
[Termination "Sibelephant won on time"]

1. d4 d5 2. Nf3 Nf6 3. Bf4 c5 4. e3 Nc6 5. Nbd2 Bf5 6. dxc5 Nh5 7. Bb5 Nxf4 8. exf4 Qa5 9. Nd4 Bd7 10.
c3 e6 11. b4 Qc7 12. g3 Be7 13. O-O O-O 14. Bxc6 bxc6 15. Re1 a5 16. a3 Rfe8 17. N2f3 axb4 18. axb4 Rxa1 19. Qxa1 Qb7 20. Re2 Ra8 21.
Ra2 Rxa2 22. Qxa2 f6 23. h4 Bd8 24. h5 h6 25. Qe2 Qc8 26. Nh4 Bc7 27. Ng6 Qe8 28.
b5 cxb5 29. c6 Bxc6 30. Nxc6 Kh7 31. Nd4 e5 32. fxe5 fxe5 33. Qxb5 Qc8 34. Ne6 Bd6 35. Qxd5 Qxc3 36. Qxd6 Qc1+ 37. Kg2 Qd1 38. Qxd1 1-0

[Event "*** Titled Tuesday Blitz"]
[Site "Chess.com"]
[Date "2021.03.09"]
[Round "4"]
[White "kleopl"]
[Black "LuisFSiles"]
[Result "1-0"]
[WhiteElo "2487"]
[BlackElo "2305"]
[TimeControl "180+1"]
[EndTime "10:41:29 PST"]
[Termination "kleopl won by resignation"]

1. c4 Nf6 2. Nc3 g6 3. e4 d6 4. d4 Bg7 5. Nge2 O-O 6. Ng3 c5 7. d5 e6 8. Be2 exd5 9. cxd5 a6 10. a4 Re8 11. O-O Nbd7 12. f4 h5 13. Bf3 h4 14.
Nge2 Rb8 15. a5 b5 16. axb6 Rxb6 17. Kh1 Rb4 18. Ra4 Rxa4 19. Qxa4 Nb6 20. Qc2 Bd7 21. b3 Bb5 22. Nxb5 axb5 23. Bd2 b4 24. Be1 Nfd7 25. Bf2 Bf6 26. Ng1 Kg7 27. Be2 Qa8 28. h3 Qa3 29. Nf3 Bc3 30. Bxh4 c4 31. Bxc4 Nxc4 32. bxc4 Nc5 33. e5 Qb2 34. Qxb2 Bxb2 35. exd6 b3 36. Ne5 f6 37. Nc6 Bc3 38. Bf2 b2 39.
Rb1 Nb3 40. d7 Ra8 41. d8=Q Rxd8 42. Nxd8 Nd2 43. Rd1 Ne4 44. Be1 Bd2 45. Bxd2 Nxd2 46. c5 b1=Q 47. Rxb1 Nxb1 48. c6 1-0

[Event "*** Titled Tuesday Blitz"]
[Site "Chess.com"]
[Date "2021.03.09"]
[Round "4"]
[White "VladimirBugayev"]
[Black "redblizzard"]
[Result "0-1"]
[WhiteElo "2277"]
[BlackElo "2460"]
[TimeControl "180+1"]
[EndTime "10:41:30 PST"]
[Termination "redblizzard won by checkmate"]

1. e4 e5 2. Nf3 Nc6 3. d4 exd4 4. Nxd4 Bc5 5. Nb3 Bb6 6. Nc3 Nf6 7. Qe2 O-O 8. Bg5 h6 9. Bh4 Nd4 10. Qd3 Nxb3 11.
axb3 Re8 12. O-O-O g5 13. Bg3 d6 14. h4 g4 15. Bf4 Kg7 16. Qd2 Ng8 17. e5 Bf5 18.
exd6 cxd6 19. Bd3 Bxd3 20. Qxd3 Qf6 21. Nd5 Qg6 22. Qc3+ Kh7 23. h5 Qf5 24. g3 Rac8 25.
Qd2 Nf6 26. Nxf6+ Qxf6 27. Qxd6 Re6 28. Qd3+ Kg8 29. Rhe1 Rec6 30. c4 Bxf2 31. Re2 Bc5 32. Rde1 b5 33. Re8+ Bf8 34. Rxc8 Rxc8 35. Be5 Qg5+ 36.
Bf4 bxc4 37. bxc4 Qa5 38. Re5 Qa1+ 39. Kc2 Bg7 40. Rb5 a6 41. Rb7 Qa4+ 42. Kb1 Qc6 43.
Qd7 Qxc4 44. Rb8 Qc2+ 45. Ka2 Rxb8 46. Bxb8 Qxb2# 0-1

[Event "*** Titled Tuesday Blitz"]
[Site "Chess.com"]
[Date "2021.03.09"]
[Round "4"]
[White "exoticprincess"]
[Black "jacky72"]
[Result "0-1"]
[WhiteElo "2872"]
[BlackElo "2724"]
[TimeControl "180+1"]
[EndTime "10:41:31 PST"]
[Termination "jacky72 won on time"]

1. d4 Nf6 2. Nc3 d5 3. Bf4 c6 4. e3 Bf5 5. f3 h6 6. g4 Bh7 7. Bd3 Bxd3 8. cxd3 e6 9. Nge2 Bd6 10. Qd2 Bxf4 11.
Nxf4 Nbd7 12. O-O-O Qa5 13. Kb1 O-O-O 14. h4 Kb8 15. g5 Ne8 16. g6 e5 17. dxe5 Nxe5 18. gxf7 Nxf7 19. d4 g5 20. hxg5 Nxg5 21. Rdf1 Nd6 22.
Ng6 Rh7 23. Ne5 Ngf7 24. f4 Nxe5 25. fxe5 Nc4 26. Qd3 Qb4 27. Rh2 Rg7 28. Nd1 Rdg8 29. Rhf2 a5 30. a3 Qb5 31. Ka2 a4 32. Qc3 Rg3 33.
Re1 Rg2 34. Ree2 Rg1 35. e6 Rxd1 36. e7 Ka7 37. Rf8 Rgg1 0-1

[Event "*** Titled Tuesday Blitz"]
[Site "Chess.com"]
[Date "2021.03.09"]
[Round "4"]
[White "Thjop"]
[Black "Firouzja2003"]
[Result "0-1"]
[WhiteElo "2657"]
[BlackElo "3137"]
[TimeControl "180+1"]
[EndTime "10:41:31 PST"]
[Termination "Firouzja2003 won by resignation"]

1. e4 c5 2. Nf3 d6 3. g3 Nf6 4. d3 g6 5. Bg2 Bg7 6. O-O O-O 7. Nc3 Nc6 8. h3 h6 9. Be3 Be6 10. Qd2 Kh7 11. Nh4 Qc8 12. Kh2 Rb8 13. f4 b5 14.
f5 Bd7 15. Rf2 b4 16. Ne2 Ne5 17. Raf1 Qa6 18. Nf3 Nxf3+ 19. Bxf3 Qxa2 20. b3 a5 21. g4 a4 22. Nc1 Qb2 23. bxa4 Bxa4 24. h4 Nd7 25. g5 Ne5 26. gxh6 Bf6 27. Bd1 Rg8 28.
Bg5 Bd7 29. fxg6+ Rxg6 30. Bh5 Rgg8 31. Bxf6 exf6 32. Rxf6 Be6 33. Ne2 Rbf8 34. R6f2 Ng4+ 35. Bxg4 Rxg4 36. Rf4 Qe5 37. Kh1 Rfg8 38. R1f2 Qh5 39. Rh2 R4g6 40. Qe3 Qe5 41. Rhf2 f6 42. Kh2 Rg4 43.
Kh1 Qa1+ 44. Rf1 Qxf1+ 45. Rxf1 Rxh4+ 0-1

[Event "*** Titled Tuesday Blitz"]
[Site "Chess.com"]
[Date "2021.03.09"]
[Round "4"]
[White "Politov_Pavel"]
[Black "Chesswizard_2007"]
[Result "0-1"]
[WhiteElo "2420"]
[BlackElo "2694"]
[TimeControl "180+1"]
[EndTime "10:41:31 PST"]
[Termination "Chesswizard_2007 won on time"]

1. d4 e6 2. Nf3 f5 3. g3 Nf6 4. Bg2 c6 5. O-O d5 6. c4 Bd6 7. Nc3 O-O 8. Bf4 Bxf4 9. gxf4 Nbd7 10. Qb3 b6 11. Ne5 Bb7 12. Rad1 Kh8 13. f3 Qe7 14. Kh1 Rg8 15. e4 Nxe5 16. fxe5 Nh5 17. exd5 cxd5 18. cxd5 exd5 19. Nxd5 Qh4 20. f4 Rad8 21. Ne3 Ng3+ 22. Kg1 Ne2+ 23. Kh1 Ng3+ 24. Kg1 Nxf1 25. Kxf1 Qxf4+ 26. Kg1 Rxd4 27. Bxb7 Rxd1+ 28. Nxd1 Qxe5 29. Nf2 Rd8 30. Qf7 h6 31. Kg2 Kh7 32. Ba6 Rd6 33. Bd3 Rxd3 34.
Nxd3 Qe4+ 35. Kf2 Qxd3 36. h4 Qd4+ 37. Kf3 Qe4+ 0-1

[Event "*** Titled Tuesday Blitz"]
[Site "Chess.com"]
[Date "2021.03.09"]
[Round "4"]
[White "NefeLV"]
[Black "ApoIogiA"]
[Result "1-0"]
[WhiteElo "1832"]
[BlackElo "2192"]
[TimeControl "180+1"]
[EndTime "10:41:31 PST"]
[Termination "NefeLV won by resignation"]

1. e4 c5 2. Nf3 d6 3. Bb5+ Nd7 4. O-O a6 5. Be2 Ngf6 6. d3 g6 7. Bg5 Bg7 8. Qd2 O-O 9. Bh6 b5 10. Nc3 Bb7 11. Rae1 Qc7 12. Nh4 d5 13. Bxg7 Kxg7 14.
exd5 Nxd5 15. f4 N7f6 16. f5 Rad8 17. fxg6 hxg6 18. Nd1 Rh8 19. Nf3 Nf4 20. g3 Nh3+ 21.
Kg2 Ng4 22. Ne3 Nxe3+ 23. Qxe3 Rd6 24. Bd1 Re6 25. Qd2 Qd6 26. Qc3+ f6 27. Rxe6 Qxe6 28. Re1 Qd5 29. Qd2 e5 30. Qe3 Ng5 31. Rf1 f5 32. Kf2 Nxf3 33. Bxf3 Rxh2+ 34. Ke1 Qd7 35. Qxe5+ Kh6 36.
Qh8+ Kg5 37. Qxh2 Qe6+ 38. Be2 1-0

[Event "*** Titled Tuesday Blitz"]
[Site "Chess.com"]
[Date "2021.03.09"]
[Round "4"]
[White "aa175"]
[Black "ckgchess"]
[Result "1-0"]
[WhiteElo "2573"]
[BlackElo "2765"]
[TimeControl "180+1"]
[EndTime "10:41:32 PST"]
[Termination "aa175 won by resignation"]

1. d4 Nf6 2. Bf4 e6 3. e3 c5 4. Nf3 b6 5. Nbd2 Bb7 6. Nc4 d5 7. Nce5 Nbd7 8. Bb5 a6 9. Ng5 axb5 10. Ngxf7 Qe7 11. Nxh8 Nxe5 12. Bxe5 O-O-O 13. Qe2 Bc6 14. a4 bxa4 15. Qa6+ Kd7 16. Qxb6 Rc8 17. Rxa4 Qd8 18. Ra7+ Ke8 19. Qxd8+ Rxd8 20. Nf7 Rd7 21. Rxd7 Nxd7 22. Ng5 Nxe5 23. dxe5 Kd7 24. Nxh7 Be7 25.
h4 d4 26. exd4 cxd4 27. O-O Be4 28. Ng5 Bxc2 29. Nf3 d3 30. Ne1 Bb1 31. Nxd3 Bxd3 32. Rd1 Bxh4 33. Rxd3+ Kc6 34. f4 Be7 35. g3 Bc5+ 36.
Kh2 Kb5 37. b3 Kb4 38. Kg2 1-0

[Event "*** Titled Tuesday Blitz"]
[Site "Chess.com"]
[Date "2021.03.09"]
[Round "4"]
[White "Aslanov_Umid"]
[Black "enriquebutti"]
[Result "0-1"]
[WhiteElo "2407"]
[BlackElo "2211"]
[TimeControl "180+1"]
[EndTime "10:41:32 PST"]
[Termination "enriquebutti won on time"]

1. e4 c5 2. Nf3 d6 3. d4 cxd4 4. Nxd4 Nf6 5. Nc3 a6 6. Bc4 e6 7. Bb3 Nbd7 8. O-O Nc5 9. Bg5 h6 10. Bh4 Be7 11. Qe2 Nfxe4 12. Nxe4 Bxh4 13. Nxc5 dxc5 14. Nf5 Bf6 15. Rad1 Qc7 16. Nd6+ Ke7 17. Rfe1 Rd8 18. Ne4 Rxd1 19. Rxd1 Bxb2 20. c3 Ba3 21. Qg4 Kf8 22. Ng3 Bb2 23. Rd3 c4 24. Bxc4 b5 25. Bb3 Bxc3 26. h3 Bb7 27. Ne4 Be5 28. Ng3 Rd8 29. Rxd8+ Qxd8 30. Qe2 Qd6 31. Kh2 g6 32. Qg4 h5 33.
Qh4 Kg7 34. Bc2 Bf6 0-1

[Event "*** Titled Tuesday Blitz"]
[Site "Chess.com"]
[Date "2021.03.09"]
[Round "4"]
[White "Etud-otradnoe"]
[Black "Rakesh"]
[Result "0-1"]
[WhiteElo "2316"]
[BlackElo "2515"]
[TimeControl "180+1"]
[EndTime "10:41:33 PST"]
[Termination "Rakesh won on time"]

1. e4 c5 2. c3 Nf6 3. e5 Nd5 4. d4 cxd4 5. Nf3 e6 6. cxd4 d6 7. Bc4 Nc6 8. O-O Be7 9. Qe2 O-O 10. Rd1 Qc7 11. a3 b6 12. Bd3 Bb7 13. Qe4 g6 14.
Bh6 Rfe8 15. Nbd2 dxe5 16. dxe5 Rad8 17. Rac1 Qb8 18. h4 Ndb4 19. Bb1 Nd4 20. Qe3 Nf5 21. Bxf5 Nd5 22. Qe2 exf5 23. Nc4 Bf8 24. Bg5 Rc8 25. Ne3 Nxe3 26. Qxe3 Rxc1 27. Rxc1 Bxf3 28. Qxf3 Qxe5 29. g3 h6 30. Bf4 Qe4 31. Qb3 Qe6 32. Qc2 Bg7 33.
Rd1 Qe4 34. Qxe4 fxe4 35. Rd7 a5 36. Kf1 Bxb2 37. Bxh6 Bxa3 38. Rb7 Bc5 39. Bg5 a4 40. Bf6 a3 41. g4 e3 42. fxe3 Bxe3 43. h5 gxh5 44.
gxh5 Bc5 45. Ra7 b5 46. Ra5 Rb8 47. Ke2 Rb6 48. Ra8+ Bf8 49. Be7 Re6+ 50. Kf3 Rxe7 51.
h6 Re6 52. h7+ Kxh7 53. Rxf8 Kg7 54. Ra8 b4 55. Ra4 Rb6 56. Ke3 b3 57. Rxa3 b2 0-1